 Dungeon Crawl Stone Soup version 0.24-a0-640-ge7cd8ce (webtiles) character file.

Game seed: 6778026836304220918, levelgen mode: deterministic

218597 stealthycow the Warrior (level 18, -16/178 HPs)
             Began as a Minotaur Berserker on Sept 24, 2019.
             Was a High Priest of Trog.
             Killed from afar by a deep elf death mage (28 damage)
             ... with a bolt of negative energy
             ... on level 3 of the Elven Halls.
             The game lasted 01:38:36 (43243 turns).

stealthycow the Warrior (Minotaur Berserker)       Turns: 43243, Time: 01:38:36

Health: -16/178    AC: 34    Str: 28    XL:     18   Next: 42%
Magic:  17/17      EV: 16    Int:  4    God:    Trog [*****.]
Gold:   2835       SH: 22    Dex: 12    Spells: 17/17 levels left

rFire    . . .     SeeInvis .   R - +9 broad axe (flame)
rCold    + . .     Gourm    .   V - +2 large shield {AC+3}
rNeg     . . .     Faith    .   W - +3 plate armour {rC+}
rPois    .         Spirit   .   x - +1 hat
rElec    .         Reflect  .   S - +2 cloak
rCorr    .         Harm     .   o - +1 pair of gloves
MR       +....                  H - +0 pair of boots {run}
Stlth    ..........             a - amulet of the acrobat
HPRegen  0.39/turn              B - +4 ring of evasion
MPRegen  0.15/turn              t - ring "Xari" {EV+1 Slay+2}

@: about to teleport, berserk cooldown, very slightly contaminated, starving,
slowed, drained, very slow
A: retaliatory headbutt, horns 2
}: 1/15 runes: decaying
a: Berserk, Trog's Hand, Brothers in Arms, Renounce Religion


You were on level 3 of the Elven Halls.
You worshipped Trog.
Trog was extremely pleased with you.
You were starving.

You visited 5 branches of the dungeon, and saw 30 of its levels.
You visited the Abyss 3 times.

You collected 3148 gold pieces.
You spent 313 gold pieces at shops.

Inventory:

Hand Weapons
 R - a +9 broad axe of flaming (weapon)
Missiles
 w - 5 throwing nets (quivered)
Armour
 o - a +1 pair of gloves (worn)
 x - a +1 hat (worn)
 H - a +0 pair of boots of running (worn)
 S - a +2 cloak (worn)
 V - a +2 large shield of protection (worn)
 W - a +3 plate armour of cold resistance (worn)
Jewellery
 a - an amulet of the acrobat (around neck)
 t - the ring "Xari" (right hand) {EV+1 Slay+2}
   (You found it on level 4 of the Dungeon)

   [ring of evasion]

   It affects your evasion (+1).
   It affects your accuracy and damage with ranged weapons and melee attacks
   (+2).
 v - an uncursed ring of see invisible
 y - an uncursed ring of protection from fire
 B - a +4 ring of evasion (left hand)
 G - an uncursed ring of positive energy
 M - an uncursed ring of resist corrosion
 P - an uncursed amulet of rage
Wands
 b - a wand of acid (9)
 g - a wand of digging (3)
 h - a wand of enslavement (4)
 D - a wand of flame (55)
 E - a wand of iceblast (31)
 F - a wand of polymorph (8)
 I - a wand of random effects (18)
Scrolls
 i - 3 scrolls of blinking
 k - 4 scrolls of identify
 p - 14 scrolls of teleportation
 s - 12 scrolls of remove curse
 u - 6 scrolls of immolation
 A - 3 scrolls of enchant armour
 J - 6 scrolls of fog
 K - 4 scrolls of fear
 N - 2 scrolls of summoning
 U - a scroll of silence
Potions
 d - 4 potions of haste
 e - 3 potions of flight
 f - 9 potions of curing
 j - 3 potions of agility
 l - 3 potions of heal wounds
 m - 2 potions of resistance
 n - 8 potions of might
 q - 2 potions of mutation
 r - 2 potions of invisibility
 z - 6 potions of lignification
 C - 2 potions of cancellation
 L - 3 potions of ambrosia
 Q - a potion of magic
 T - 4 potions of brilliance
Comestibles
 c - 24 rations
 O - 8 chunks of flesh


   Skills:
 + Level 20.2(19.3) Fighting
 - Level 19.4(18.5) Axes
 + Level 20.1(19.2) Armour
 + Level 10.6(9.9) Dodging
 + Level 13.8(13.0) Shields


You had 17 spell levels left.
You didn't know any spells.
Your spell library was empty.

Dungeon Overview and Level Annotations

Branches:
Dungeon (15/15)            Temple (0/1) D:6            Lair (6/6) D:11
  Swamp (4/4) Lair:3        Snake (0/4) Lair:2        Slime (0/5) Lair:6
    Orc (2/2) D:10            Elf (3/3) Orc:2        Vaults (0/5) D:14
 Depths (0/5) D:15

Altars:
Cheibriados
Dithmenos
Makhleb
Sif Muna
Trog
Uskayaw
Vehumet
Xom
The Shining One

Shops:
D:9 (   D:12 }   D:13 }   Orc:2 %:(*   Elf:1 :   Elf:3 ?

Portals:
Trove: D:10 (give horn of Geryon)

Annotations:
D:12 exclusion: downstairs
D:15 2 transporters, Koyn's ghost, journeyman FoFi
Swamp:4 2 transporters, SizzlinSam's ghost, adept FoFi
Elf:2 3 runed translucent doors


Innate Abilities, Weirdness & Mutations

You reflexively headbutt those who attack you in melee.
You have a pair of horns on your head.


Message History

A deep elf archer comes into view.
It is wielding a +4 rapier of distortion.
The deep elf mage casts a spell.
The deep elf mage mumbles some strange words.
The deep elf mage blinks!
Found 2 arrows and a dagger.
An orb of destruction comes into view.
You see here 2 arrows.
Blink to where?
Press: ? - help, Dir - move target cursor You are very lightly contaminated with residual magic.
As you read the scroll of blinking, it crumbles to dust.
As you read the scroll of teleportation, it crumbles to dust.
You feel strangely unstable.
Your deep troll bites the deep elf archer!
Your deep troll claws the deep elf archer!!
The lost soul assumes the form of the deep elf archer and becomes anchored to this world!
Your deep troll claws the ghostly deep elf archer!!
The deep elf death mage points at you and mumbles some strange words.
The bolt of negative energy hits you!!
You feel drained.
You die...

#............##..(...
#)...(......##..(....
#..........##...3...#
##.....⌠.......e.....#
##........e.T..........
#.....☼○○e..†e..T......
#...○☼...3.e....4......
#...*....s.e...........
#.....@#...)....?#.....
#.....##...(3....#
#....###..)T))...##
#..## #....((.....# #.
......##(##..... #
....## #(# #... ..##
#.# #. # #(# #.#


You could see a deep elf master archer, a deep elf death mage, a sun demon, a
deep elf archer, a ghostly deep elf archer, an orb spider, a deep elf mage and a
friendly deep troll (berserk).

Vanquished Creatures
  A bone dragon (Abyss:3)
  A tentacled monstrosity (Abyss:3)
  2 deep elf blademasters (Elf:3)
  A deep elf master archer (Elf:3)
  Kirke (D:12)
  2 tentacled starspawn
  A thorn hunter (Swamp:3)
  Louise (Swamp:1)
  An orc warlord (Orc:2)
  A deep elf elementalist (Elf:3)
  A deep elf sorcerer (Abyss:3)
  2 very ugly things
  2 entropy weavers (Lair:4)
  7 deep elf annihilators (Elf:3)
  7 deep elf demonologists
  The ghost of Gunch the Grappler, a journeyman TrMo of Fedhas (D:13)
  A dire elephant (Abyss:3)
  4 deep elf death magi
  2 deep elf high priests (Elf:3)
  A vault guard (D:10)
  Harold (D:7)
  The ghost of thriggle the Geomancer, a journeyman GrEE of Dithmenos (Lair:2)
  4 rakshasas
  3 catoblepae
  2 shambling mangroves
  18 hydras
  5 centaur warriors
  A merfolk avatar (Lair:6)
  3 two-headed ogres
  14 dancing weapons
  A death knight (D:13)
  10 alligators
  3 thrashing horrors
  Urug (D:12)
  5 orc high priests
  7 spriggans
  14 deep elf knights
  A wretched star (Abyss:2)
  Sonja (Lair:5)
  A sea snake (Lair:6)
  3 unseen horrors
  8 deep elf archers
  5 spriggan druids
  2 starcursed masses (Abyss:3)
  5 wizards
  12 swamp dragons
  A harpy (Lair:6)
  2 necromancers
  Pikel (D:9)
  2 wolf spider zombies (D:15)
  2 orc sorcerers
  3 orc knights
  17 ugly things
  44 deep elf magi
  A cyclops (D:14)
  7 manticores
  5 worldbinders (Abyss:3)
  5 elephants
  3 black mambas
  4 centaur zombies
  2 water nymphs (Abyss:3)
  A gargoyle (D:14)
  17 spiny frogs
  5 rime drakes
  A hellion (Abyss:2)
  8 komodo dragons
  3 freezing wraiths (D:13)
  An efreet (D:15)
  A redback zombie (D:15)
  A rime drake (shapeshifter) (D:15)
  3 yaktaurs (D:15)
  A hellwing (Abyss:3)
  A demonic crawler (Abyss:2)
  An ancient zyme (Abyss:2)
  An ice devil (Abyss:3)
  9 trolls
  13 hornets
  5 tyrant leeches
  A polar bear (shapeshifter) (Elf:1)
  22 blink frogs
  4 polar bears
  4 bog bodies
  13 slime creatures
  18 dream sheep
  2 raiju (Abyss:2)
  11 hippogriffs
  2 air elementals
  5 shadows
  3 ynoxinuls
  2 water elementals (Abyss:3)
  18 yaks
  A vampire (D:14)
  A wraith (D:13)
  5 fire elementals
  A neqoxec (Abyss:2)
  8 wyverns
  A golden eye (shapeshifter) (Elf:1)
  Grum (Lair:1)
  2 hungry ghosts
  7 vampire mosquitoes
  Eustachio (D:4)
  A chaos spawn (Abyss:3)
  2 wargs (D:11)
  7 large abominations
  Edmund (D:4)
  2 insubstantial wisps (Lair:3)
  10 swamp worms
  12 water moccasins
  Duvessa (D:4)
  An acid dragon (D:12)
  18 soldier ants
  6 porcupines
  36 orc warriors
  2 slaves (D:9)
  9 swamp drakes
  A sky beast (Abyss:2)
  A black bear (D:7)
  3 ice beasts
  3 necrophages
  3 small abominations
  An eye of draining (D:12)
  A hornet zombie (D:12)
  6 wolves
  11 ogres
  9 centaurs
  11 crocodiles
  8 big kobolds
  4 elf zombies (Elf:1)
  29 bullfrogs
  4 earth elementals
  2 wyvern zombies
  5 gnoll sergeants (D:10)
  A wyvern skeleton (D:11)
  5 scorpions
  Dowan (D:4)
  9 killer bees
  4 wights
  A bullfrog zombie (D:11)
  6 crimson imps
  3 quasits
  3 bullfrog skeletons
  4 hounds
  5 jellies
  14 orc priests
  29 orc wizards
  5 centaur skeletons
  5 iguanas
  36 worker ants
  3 hound skeletons
  2 worker ant zombies
  4 gnolls
  19 adders
  A shadow imp (D:14)
  An ooze (D:5)
  4 worms
  A dart slug (D:2)
  3 leopard geckos
  79 orcs
  3 ball pythons
  4 giant cockroaches
  14 goblins
  8 hobgoblins
  7 jackals
  8 quokkas
  4 bats
  9 frilled lizards
  10 kobolds
  A leopard gecko zombie (D:7)
  A quokka skeleton (D:9)
  4 rats
  10 briar patches (Swamp:3)
  2 bushes (D:4)
  3 fungi
  4 plants
  2 starspawn tentacles (Abyss:2)
1027 creatures vanquished.

Vanquished Creatures (collateral kills)
  the Lernaean hydra (Swamp:4)
  Nikola (Swamp:4)
  A hydra (Swamp:4)
  2 orc high priests (Orc:2)
  2 swamp dragons (Swamp:4)
  An orc knight (Orc:2)
  2 orc sorcerers
  A naga mage (D:15)
  2 trolls (Orc:2)
  2 swamp worms (Swamp:4)
  2 swamp drakes (Swamp:4)
  7 orc warriors (Orc:2)
  16 orc priests (Orc:2)
  9 orcs
49 creatures vanquished.

Vanquished Creatures (others)
  A queen ant (Lair:4)
  A sea snake (Lair:6)
  2 ugly things (D:15)
  An elephant (Lair:5)
  2 blink frogs
  A slime creature (Lair:6)
  A human (D:13)
  2 soldier ants (Lair:4)
  A water moccasin (Lair:5)
  A crocodile (Lair:6)
  3 orcs
  A briar patch (Swamp:3)
  11 fungi
  12 plants
  4 starspawn tentacles (Abyss:2)
  A withered plant (Lair:2)
45 creatures vanquished.

Grand Total: 1121 creatures vanquished

Notes
Turn   | Place    | Note
-------+----------+-------------------------------------------
     0 | D:1      | stealthycow the Minotaur Berserker began the quest for the
                  | Orb.
     0 | D:1      | Reached XP level 1. HP: 19/19 MP: 0/0
   235 | D:1      | Reached XP level 2. HP: 6/27 MP: 1/1
  1237 | D:2      | Reached XP level 3. HP: 29/33 MP: 2/2
  1345 | D:2      | Reached ** piety under Trog
  2134 | D:3      | Reached XP level 4. HP: 38/41 MP: 3/3
  2292 | D:3      | Reached skill level 5 in Axes
  2612 | D:4      | Noticed Eustachio
  2624 | D:4      | Killed Eustachio
  2624 | D:4      | Reached skill level 5 in Fighting
  2624 | D:4      | Reached XP level 5. HP: 48/48 MP: 4/4
  2750 | D:4      | Noticed an ogre
  2753 | D:4      | Noticed Edmund
  2756 | D:4      | Killed an ogre
  2756 | D:4      | Reached *** piety under Trog
  2756 | D:4      | Reached XP level 6. HP: 56/56 MP: 5/5
  2768 | D:4      | Killed Edmund
  3064 | D:4      | Noticed Duvessa
  3065 | D:4      | Noticed Dowan
  3076 | D:4      | Killed Duvessa
  3076 | D:4      | Reached skill level 5 in Armour
  3076 | D:4      | Reached XP level 7. HP: 62/62 MP: 6/6
  3080 | D:4      | Killed Dowan
  3217 | D:4      | Got a bound wooden ring
  3225 | D:4      | Identified the ring "Xari" {EV+1 Slay+2} (You found it on
                  | level 4 of the Dungeon)
  3254 | D:4      | Got an ancient robe
  3263 | D:4      | Got a distressingly furry leather armour
  3549 | D:5      | Entered Level 5 of the Dungeon
  4110 | D:5      | Reached XP level 8. HP: 71/71 MP: 7/7
  4307 | D:5      | Found a burning altar of Makhleb.
  4766 | D:6      | Found a staircase to the Ecumenical Temple.
  4936 | D:6      | Reached **** piety under Trog
  5108 | D:6      | Reached skill level 10 in Axes
  5406 | D:7      | Found a shimmering altar of Xom.
  5412 | D:7      | Got a transparent leather armour
  5494 | D:7      | Reached XP level 9. HP: 74/81 MP: 8/8
  5679 | D:7      | Found a glowing golden altar of the Shining One.
  6090 | D:7      | Noticed Harold
  6105 | D:7      | Killed Harold
  6180 | D:7      | Reached ***** piety under Trog
  6784 | D:8      | Noticed a two-headed ogre
  6791 | D:8      | Killed a two-headed ogre
  6791 | D:8      | Reached XP level 10. HP: 91/91 MP: 9/9
  7416 | D:9      | Found Fito's Weapon Emporium.
  7482 | D:9      | Noticed Pikel
  7490 | D:9      | Killed Pikel
  7490 | D:9      | Reached skill level 1 in Shields
  7677 | D:9      | Found a hide-covered altar of Uskayaw.
  7678 | D:9      | Found a bloodstained altar of Trog.
  8041 | D:10     | Entered Level 10 of the Dungeon
  8098 | D:10     | Noticed a deep elf mage
  8103 | D:10     | Killed a deep elf mage
  8103 | D:10     | Reached skill level 10 in Fighting
  8628 | D:10     | Noticed an unseen horror
  8630 | D:10     | Noticed a two-headed ogre
  8630 | D:10     | Killed an unseen horror
  8634 | D:10     | Killed a two-headed ogre
  8634 | D:10     | Reached skill level 10 in Armour
  8779 | D:10     | Noticed an unseen horror
  8784 | D:10     | Killed an unseen horror
  8784 | D:10     | Reached XP level 11. HP: 96/101 MP: 10/10
  8822 | D:10     | Found a staircase to the Orcish Mines.
  9091 | D:10     | Found a portal to a secret trove of treasure.
  9119 | D:10     | Noticed a vault guard
  9129 | D:10     | Killed a vault guard
  9600 | D:11     | Found a staircase to the Lair.
  9615 | D:11     | Received a gift from Trog
 10151 | D:12     | Reached skill level 15 in Axes
 10300 | D:12     | Noticed a two-headed ogre
 10307 | D:12     | Killed a two-headed ogre
 10559 | D:12     | Noticed Urug
 10572 | D:12     | Killed Urug
 10631 | D:12     | Found Bybarphaama's Gadget Boutique.
 10764 | D:12     | Noticed a cyan ugly thing
 10765 | D:12     | Noticed a cyan ugly thing
 10765 | D:12     | Noticed a white ugly thing
 10785 | D:12     | Killed a cyan ugly thing
 10833 | D:12     | Noticed a white ugly thing
 10860 | D:12     | Noticed a purple ugly thing
 10861 | D:12     | Killed a red ugly thing
 10861 | D:12     | Reached XP level 12. HP: 112/112 MP: 11/11
 11054 | D:12     | Noticed a three-headed hydra
 11059 | D:12     | Killed a seven-headed hydra
 11409 | D:12     | Noticed an eight-headed hydra
 11414 | D:12     | Killed an 11-headed hydra
 11578 | D:12     | Noticed a white very ugly thing
 11591 | D:12     | HP: 5/169 [white very ugly thing (47)]
 11594 | D:12     | Killed a white very ugly thing
 12151 | D:12     | Identified a +0 pair of boots of running (You found it on
                  | level 12 of the Dungeon)
 12734 | Lair:1   | Entered Level 1 of the Lair of Beasts
 12751 | Lair:1   | Noticed Grum
 12757 | Lair:1   | Killed Grum
 13712 | Lair:2   | Found a staircase to the Snake Pit.
 13839 | Lair:2   | Received a gift from Trog
 14108 | Lair:2   | You fall into a shaft and drop 2 floors!
 14256 | Lair:2   | Reached XP level 13. HP: 108/124 MP: 12/12
 14611 | Lair:2   | Found a runed translucent door.
 14611 | Lair:2   | Noticed thriggle's ghost (journeyman GrEE)
 15320 | Lair:2   | Killed thriggle's ghost
 15889 | Lair:3   | Found a staircase to the Swamp.
 16428 | Lair:4   | Noticed an entropy weaver
 16437 | Lair:4   | Killed an entropy weaver
 16692 | Lair:4   | Noticed an entropy weaver
 16702 | Lair:4   | Killed an entropy weaver
 16712 | Lair:4   | Reached ****** piety under Trog
 17147 | Lair:4   | Reached skill level 15 in Fighting
 17829 | Lair:5   | Received a gift from Trog
 17930 | Lair:5   | Reached skill level 15 in Armour
 18127 | Lair:5   | Noticed Sonja
 19217 | Lair:6   | Entered Level 6 of the Lair of Beasts
 19231 | Lair:6   | Reached XP level 14. HP: 73/135 MP: 13/13
 19525 | Lair:5   | Killed Sonja
 20633 | Lair:6   | Paralysed by a hornet for 3 turns
 21461 | Lair:6   | Found a staircase to the Slime Pits.
 22777 | D:13     | Found a runed translucent door.
 22778 | D:13     | Noticed Gunch's ghost (journeyman TrMo)
 23379 | D:13     | You fall into a shaft and drop 2 floors!
 23379 | D:15     | Entered Level 15 of the Dungeon
 23459 | D:15     | Received a gift from Trog
 24042 | D:13     | Noticed Kirke
 24052 | D:12     | Killed Kirke
 24253 | D:13     | Found Fotuaro's Gadget Shop.
 24382 | D:13     | Killed Gunch's ghost
 24456 | D:13     | Reached skill level 5 in Shields
 24480 | D:13     | Received a gift from Trog
 24482 | D:13     | Reached XP level 15. HP: 146/146 MP: 4/14
 25172 | D:14     | Found the +8 autumn katana {slice, Clar}
 25320 | D:14     | You fall into a shaft and drop 1 floor!
 25345 | D:15     | Cast into level 2 of the Abyss (a wizard)
 25345 | Sewer    | Entered a sewer
 25424 | Abyss:2  | Found a corrupted altar of Lugonu.
 25466 | Abyss:2  | Noticed a tentacled starspawn
 25476 | Abyss:2  | Killed a tentacled starspawn
 25648 | D:15     | Escaped the Abyss
 25945 | D:14     | Found a gate to the Vaults.
 26148 | D:14     | Received a gift from Trog
 26168 | D:14     | You fall into a shaft and drop 1 floor!
 26168 | D:15     | Found a transporter.
 26301 | D:14     | Found a snail-covered altar of Cheibriados.
 26589 | D:14     | Found a shadowy altar of Dithmenos.
 26850 | D:15     | Found a transporter.
 26865 | D:15     | Noticed Koyn's ghost (journeyman FoFi)
 27126 | D:15     | Found a staircase to the Depths.
 27579 | Orc:1    | Entered Level 1 of the Orcish Mines
 28154 | Orc:2    | Entered Level 2 of the Orcish Mines
 28222 | Orc:2    | Found a staircase to the Elven Halls.
 28621 | Orc:2    | Noticed an orc warlord
 28638 | Orc:2    | Killed an orc warlord
 29257 | Orc:2    | Found Heniciz's Food Boutique.
 29260 | Orc:2    | Found Waissit's Weapon Shop.
 29261 | Orc:2    | Found Neus Gorch's Assorted Antiques.
 29262 | Orc:2    | Found Zanwin's Book Boutique.
 29634 | Swamp:1  | Entered Level 1 of the Swamp
 30118 | Lair:3   | Reached XP level 16. HP: 144/157 MP: 5/15
 30513 | Swamp:1  | Noticed Louise
 30513 | Swamp:1  | Cast into level 3 of the Abyss (Louise)
 30528 | Abyss:3  | Found a corrupted altar of Lugonu.
 30623 | Abyss:3  | Noticed a bone dragon
 30645 | Abyss:3  | Killed a bone dragon
 30688 | Abyss:3  | Noticed a tentacled starspawn
 30712 | Abyss:3  | Killed a tentacled starspawn
 30714 | Swamp:1  | Escaped the Abyss
 31170 | Swamp:1  | Killed Louise
 31571 | Swamp:1  | Reached skill level 10 in Shields
 32062 | Swamp:1  | Reached skill level 5 in Dodging
 33646 | Swamp:3  | Received a gift from Trog
 33821 | Swamp:3  | Identified a scroll of acquirement
 34203 | Swamp:3  | Noticed a thorn hunter
 34222 | Swamp:3  | Killed a thorn hunter
 34621 | Swamp:4  | Entered Level 4 of the Swamp
 34883 | Swamp:4  | Found a transporter.
 34968 | Swamp:4  | Noticed Nikola
 35120 | Swamp:4  | Found a transporter.
 35343 | Swamp:4  | Noticed SizzlinSam's ghost (adept FoFi)
 35353 | Swamp:4  | Got a shimmering scale mail
 35546 | Swamp:4  | Identified the +2 scale mail of the Cicada {Regen+ Dex+4
                  | Slay+5 Stlth-} (You found it on level 4 of the Swamp)
 35676 | Swamp:4  | Reached XP level 17. HP: 119/166 MP: 16/16
 37337 | Swamp:4  | Received a gift from Trog
 37889 | Swamp:4  | Killed Nikola
 37959 | Swamp:4  | Noticed the 27-headed Lernaean hydra
 37970 | Swamp:4  | Killed the 27-headed Lernaean hydra
 38639 | Swamp:4  | Got a decaying rune of Zot
 39026 | Elf:1    | Entered Level 1 of the Elven Halls
 39052 | Elf:1    | Found a radiant altar of Vehumet.
 39119 | Elf:1    | Found Faeruxoth's Book Boutique.
 39135 | Elf:1    | Cast into level 3 of the Abyss (a deep elf demonologist)
 39135 | Depths:1 | Entered Level 1 of the Depths
 39136 | Abyss:3  | Noticed a tentacled monstrosity
 39148 | Abyss:3  | Killed a tentacled monstrosity
 39259 | Abyss:3  | Found a corrupted altar of Lugonu.
 39262 | Elf:1    | Escaped the Abyss
 39265 | Elf:1    | Noticed a Brimstone Fiend
 39693 | Elf:1    | Found a shimmering blue altar of Sif Muna.
 40803 | Elf:2    | Found a runed translucent gate.
 40803 | Elf:2    | Found a runed translucent gate.
 40803 | Elf:2    | Found a runed translucent gate.
 41292 | Elf:3    | Entered Level 3 of the Elven Halls
 41364 | Elf:3    | Found Kirghy's Magic Scroll Shoppe.
 41377 | Elf:3    | Bought a scroll of teleportation for 57 gold pieces
 41377 | Elf:3    | Bought a scroll of teleportation for 57 gold pieces
 41377 | Elf:3    | Bought a scroll of teleportation for 57 gold pieces
 41377 | Elf:3    | Bought a scroll of enchant weapon for 142 gold pieces
 41508 | Elf:3    | Received a gift from Trog
 41598 | Elf:3    | Noticed a deep elf blademaster
 41599 | Elf:3    | Noticed a deep elf blademaster
 41600 | Elf:3    | Noticed a Hell Sentinel
 41615 | Elf:3    | Noticed an Ice Fiend
 41616 | Elf:3    | Noticed a Hell Sentinel
 41619 | Elf:3    | Noticed a deep elf master archer
 41621 | Elf:3    | Noticed a Brimstone Fiend
 41623 | Elf:3    | Killed a deep elf blademaster
 41623 | Elf:3    | Reached XP level 18. HP: 178/178 MP: 17/17
 41625 | Elf:3    | Noticed a Tzitzimitl
 41961 | Elf:3    | Reached skill level 10 in Dodging
 41979 | Elf:3    | Noticed an Ice Fiend
 41983 | Elf:3    | Noticed a Hell Sentinel
 41987 | Elf:3    | Noticed an Ice Fiend
 42330 | Elf:3    | Noticed a Tzitzimitl
 42348 | Elf:3    | HP: 3/178 [deep elf high priest/divine providence (12)]
 43207 | Elf:3    | Identified the ring "Kaqi" {+Fly Str+3 Int+4}
 43213 | Elf:3    | Identified the ring of Awe {rPois MR+ Dex+5}
 43223 | Elf:3    | Identified the +1 plate armour of the Beekeeper {*Corrode
                  | rElec rC+ Stlth+}
 43224 | Elf:3    | Identified the +2 morningstar of the Countless Seas
                  | {distort, Int+4}
 43230 | Elf:3    | Noticed an Ice Fiend
 43236 | Elf:3    | HP: 7/178 [deep elf master archer/arrow (16)]
 43238 | Elf:3    | HP: 2/178 [deep elf master archer/arrow (6)]
 43243 | Elf:3    | Killed from afar by a deep elf death mage

Levels and vault maps discovered:
D:1:      scummos_arrival_gate, layout_basic, grunt_decor_cap,
          chequers_serial_rivers_micro_b, dk_noncrumbling_2
D:2:      layout_basic, due_unseen_surprise
D:3:      layout_basic, first_ration, uniq_natasha
D:4:      layout_loops_ring, serial_forest, infiniplex_forest_lined_room_,
          infiniplex_forest_straight_3, infiniplex_forest_clump_tiny,
          infiniplex_forest_clump_double, portal_sewer_entry_d, uniq_duvessa,
          uniq_eustachio, uniq_edmund
D:5:      layout_basic, kennysheep_mini_moat, minmay_chambers_of_fives
D:6:      layout_basic, temple_statues
D:7:      layout_loops_cross, nicolae_tso_carved_into_rock, basic_altar,
          uniq_harold
D:8:      layout_loops_cross
D:9:      layout_irregular_city, gammafunk_temple_overflow_statue, serial_shops,
          nicolae_shop_crystal, uniq_pikel
D:10:     minmay_distorted_concentric_squares, layout_irregular_city,
          kennysheep_orc_monster_closet_entryway, enter_trove_5
D:11:     layout_cave_pools, erik_lair_orcish_takeover
D:12:     cheibrodos_breeding_chamber, layout_basic, serial_shops,
          kennysheep_mini, hangedman_ranch [blue_anna_fruit_fields], uniq_urug
D:13:     nzn_motion_control, layout_basic, serial_shops, shop,
          ebering_ghost_reflecting_pool, kennysheep_kite_vault, uniq_kirke
D:14:     layout_irregular_city, david_vaults_1, basic_altar,
          skrybe_limestone_x, cheibriados_altar_1
D:15:     grunt_enter_depths_magical_seal, layout_loops_ring,
          gammafunk_ghost_stat_death
Lair:1:   layout_roguey, grunt_megastairs_5, serial_bayou_shore_b, uniq_grum
Lair:2:   layout_cave_pods, dummy_snake_entry, gammafunk_ghost_grave,
          minmay_shattered_shrine
Lair:3:   layout_roguey, minmay_swamp_entry_wisps, lemuel_fruit_fields
Lair:4:   layout_gridlike, zaba_anthell
Lair:5:   layout_cave_pods, beast_lair_carwin_8, uniq_sonja
Lair:6:   gammafunk_lair_ancient_temple, layout_big_grid,
          minmay_slime_entry_pillars
Swamp:1:  layout_falls_marsh, nicolae_swamp_rocky_clearing, uniq_louise
Swamp:2:  layout_falls_marsh, nicolae_swamp_round_clearing, swamp_pool1
Swamp:3:  layout_basic_swamp, evilmike_swamp_ruin_house_4
Swamp:4:  swamp_old_school, layout_basic_swamp,
          gammafunk_ghost_berserking_beasts, uniq_nikola
Orc:1:    layout_diamond_mine
Orc:2:    st_orc_pillars, layout_diamond_mine, minmay_orc_keep
Elf:1:    eino_elf_arrival_altar, layout_geoelf_diagonals, basic_altar,
          serial_shops, shop, minmay_elf_necromancy,
          nicolae_elf_glass_and_crystal_pillar_2, drop_trap, st_stairs_12
Elf:2:    layout_geoelf_diagonals, hex_medium, drop_trap, lemuel_elevator
Elf:3:    elf_hall, layout_geoelf_grid, serial_shops, shop

Skill      XL: |  1  2  3  4  5  6  7  8  9 10 11 12 13 14 15 16 17 18 |
---------------+-------------------------------------------------------+-----
Axes           | 4 6 7 8 10 12 13 15 16 17 18 19 | 19.4
Fighting       | 4 5 6 7 9 10 11 14 15 16 18 19 20 | 20.2
Armour         | 3 4 5 6 7 9 10 11 13 15 16 17 18 19 20 | 20.1
Shields        | 4 5 9 11 13 | 13.8
Dodging        | 7 9 10 | 10.6

Action                   |  1- 3 |  4- 6 |  7- 9 | 10-12 | 13-15 | 16-18 || total
-------------------------+-------+-------+-------+-------+-------+-------++-------
Melee: Hand axe          |    75 |       |       |       |       |       ||    75
       Headbutt          |    12 |    11 |    50 |    96 |   200 |   185 ||   554
       War axe           |    49 |    63 |   240 |   260 |       |       ||   612
       Battleaxe         |       |       |       |   125 |       |       ||   125
       Executioner's axe |       |       |       |    26 |   368 |       ||   394
       Broad axe         |       |       |       |       |   503 |   859 ||  1362
Invok: Berserk           |       |     3 |     7 |    14 |    37 |    21 ||    82
       Trog's Hand       |       |     1 |       |     1 |     8 |     8 ||    18
       Brothers in Arms  |       |       |       |       |    10 |    10 ||    20
Evoke: Wand              |       |       |       |       |       |     3 ||     3
  Use: Scroll            |     6 |     1 |    12 |     8 |    10 |    15 ||    52
       Potion            |       |       |       |       |     5 |     8 ||    13
 Stab: Distracted        |       |       |       |       |     1 |       ||     1
  Eat: Chunk             |     4 |     4 |    16 |    24 |    52 |    27 ||   127
       Ration            |       |       |     1 |     4 |    11 |    11 ||    27
Armor: Animal skin       |     7 |       |       |       |       |       ||     7
       Scale mail        |    33 |    19 |    76 |    35 |       |       ||   163
       Plate armour      |       |       |       |   137 |   517 |   289 ||   943
       Swamp dragon scal |       |       |       |       |     7 |     4 ||    11
Dodge: Dodged            |    74 |    35 |    93 |   224 |   620 |   309 ||  1355
Block: Buckler           |       |       |       |    36 |       |       ||    36
       Shield            |       |       |       |       |   255 |    58 ||   313
       Large shield      |       |       |       |       |       |   576 ||   576

Table legend:
 A = Non-vault XP
 B = Vault XP
 C = Vault XP percentage of total XP
 D = Non-vault monster count
 E = Vault monster count
 F = Vault count percentage of total count
                 A         B        C        D         E       F
            +---------+---------+-------+---------+---------+-------
      Total |  188133 |  138360 |  42.4 |     707 |     358 |  33.6
            +---------+---------+-------+---------+---------+-------
        D:1 |      31 |       0 |   0.0 |      19 |       0 |   0.0
        D:2 |      64 |       0 |   0.0 |      28 |       0 |   0.0
        D:3 |      48 |       0 |   0.0 |      13 |       0 |   0.0
        D:4 |     314 |     590 |  65.3 |      13 |       5 |  27.8
        D:5 |     583 |      51 |   8.0 |      14 |       2 |  12.5
        D:6 |     994 |       0 |   0.0 |      32 |       0 |   0.0
        D:7 |    1249 |    1034 |  45.3 |      28 |       1 |   3.4
        D:8 |    1334 |       0 |   0.0 |       9 |       0 |   0.0
        D:9 |     429 |     617 |  59.0 |       7 |       1 |  12.5
       D:10 |    1444 |    5261 |  78.5 |      22 |      28 |  56.0
       D:11 |    2195 |     672 |  23.4 |      29 |      10 |  25.6
       D:12 |    5495 |   11307 |  67.3 |      28 |      19 |  40.4
       D:13 |    8508 |    7339 |  46.3 |      34 |      21 |  38.2
       D:14 |    7862 |     786 |   9.1 |      22 |       3 |  12.0
       D:15 |   11007 |    4233 |  27.8 |      28 |       8 |  22.2
     Lair:1 |    2211 |     422 |  16.0 |      12 |       3 |  20.0
     Lair:2 |    3656 |    4236 |  53.7 |      17 |      12 |  41.4
     Lair:3 |    7411 |     326 |   4.2 |      23 |       2 |   8.0
     Lair:4 |    1213 |    7239 |  85.6 |       7 |      46 |  86.8
     Lair:5 |    7719 |    4378 |  36.2 |      33 |      11 |  25.0
     Lair:6 |    7359 |   11216 |  60.4 |      24 |      29 |  54.7
    Swamp:1 |   11263 |    1667 |  12.9 |      26 |       1 |   3.7
    Swamp:2 |    6282 |       0 |   0.0 |      15 |       0 |   0.0
    Swamp:3 |   11970 |       0 |   0.0 |      22 |       0 |   0.0
    Swamp:4 |   11382 |   16649 |  59.4 |      32 |      24 |  42.9
      Orc:1 |    3459 |       0 |   0.0 |      21 |       0 |   0.0
      Orc:2 |    5268 |    8294 |  61.2 |      39 |      71 |  64.5
      Elf:1 |   14275 |    7939 |  35.7 |      22 |      21 |  48.8
      Elf:2 |   16819 |    3825 |  18.5 |      29 |       5 |  14.7
      Elf:3 |   18387 |   28112 |  60.5 |      29 |      20 |  40.8
    Abyss:2 |    7765 |       0 |   0.0 |      15 |       0 |   0.0
    Abyss:3 |   10137 |   12167 |  54.6 |      15 |      15 |  50.0
            +---------+---------+-------+---------+---------+-------
